 Dungeon Crawl Stone Soup version 0.32-a0-975-g85d4e5bfdb (webtiles) character file.

Game seed: 9189448814395784211

2103704 MrSquiggles the Slayer (level 27, 207/207 HPs)
             Began as a Mummy Gladiator on Apr 17, 2024.
             Was a High Priest of Hepliaklqana.
             Escaped with the Orb
             ... and 4 runes
             ... and 1 gem on Apr 19, 2024!
             The game lasted 06:08:21 (92420 turns).

MrSquiggles the Slayer (Mummy Gladiator)           Turns: 92420, Time: 06:08:22

Health: 207/207    AC: 26    Str: 20      XL:     27
Magic:  45/45      EV: 14    Int: 35 (37) God:    Hepliaklqana [*****.]
Gold:   9177       SH: 18    Dex: 16 (17) Spells: 3/63 levels left

rFire   + + +        n - +3 Elemental Staff {ele, rElec rF+ rC+ AC+3, !a}
rCold   + + +        C - +5 Storm Queen's Shield {shock, Fly rElec}
rNeg    + + +        e - +5 ring mail of Miracles {Int+4 Dex+3}
rPois   ∞            N - +2 helmet {SInv}
rElec   +            K - +2 cloak {Stlth+}
rCorr   +            s - +0 pair of gloves of the gadgeteer {Gadgeteer Wandboost ^Fragile}
SInv    +            f - +2 pair of boots
Will    +++..        U - amulet "Nyiga" {Acrobat ^Fragile Regen+ Int+5 Stlth+}
Stlth   +            u - ring "Bipak" {rF++ rN+ rCorr Int+2}
HPRegen 1.34/turn    F - ring of Ijaihysa {rF+ rC+ Int+8}
MPRegen 0.29/turn

%: acrobat, faith
@: flying, studying 3 skills
A: reduced essence, cold resistance 1, negative energy resistance 3, torment
resistance 2, heat vulnerability 1, in touch with death 2, no potions, faith
0: Orb of Zot
}: 4/15 runes: decaying, serpentine, slimy, silver
a: Renounce Religion, Recall Ancestor, Ancestor Identity, Transference, Idealise


You escaped.
You worshipped Hepliaklqana.
Hepliaklqana was extremely pleased with you.
You visited 12 branches of the dungeon, and saw 56 of its levels.
You visited 1 bazaar.
You visited 1 ziggurat, and saw 13 of its levels.
You also visited: Bailey and Ice Cave.

You collected 15402 gold pieces.
You spent 6225 gold pieces at shops.

Inventory:

Hand Weapons
 d - the +5 rapier of Crusades {distort, rF+ Dex+2, !a}
   (You took it off a naga on level 2 of the Snake Pit)

   Dex+2:     It affects your dexterity (+2).
   rF+:       It protects you from fire.
 n - the +3 Elemental Staff (weapon) {ele, rElec rF+ rC+ AC+3, !a}
   (You found it on level 7 of a ziggurat)

   AC+3:      It affects your AC (+3).
   rF+:       It protects you from fire.
   rC+:       It protects you from cold.
   rElec:     It insulates you from electricity.
Missiles
 i - 2 throwing nets
Armour
 e - the +5 ring mail of Miracles (worn) {Int+4 Dex+3}
   (You bought it in a shop on level 3 of the Dungeon)

   Int+4:     It affects your intelligence (+4).
   Dex+3:     It affects your dexterity (+3).
 f - a +2 pair of boots (worn)
 s - the +0 pair of gloves of the gadgeteer (worn) {Gadgeteer Wandboost ^Fragile}
   (You found it on level 3 of the Realm of Zot)

   Gadgeteer: Your evocable items recharge 30% faster and wands have a 30%
   chance to not spend a charge.
   Wandboost: Your wands are more powerful.
   ^Fragile:  It will be destroyed if unequipped.
 C - the +5 Storm Queen's Shield (worn) {shock, Fly rElec}
   (You bought it in a shop on level 2 of the Orcish Mines)

   Shock:     When it blocks an attack, it may electrocute the attacker.
   This works even against foes who are a short distance away.
   rElec:     It insulates you from electricity.
   Fly:       It grants you flight.
 K - a +2 cloak of stealth (worn)
 N - a +2 helmet of see invisible (worn)
Jewellery
 c - a ring of magical power
 j - a +6 ring of strength
 u - the ring "Bipak" (left hand) {rF++ rN+ rCorr Int+2}
   (You found it on level 4 of the Vaults)

   [ring of positive energy]

   Int+2:     It affects your intelligence (+2).
   rF++:      It greatly protects you from fire.
   rN+:       It protects you from negative energy.
   rCorr:     It protects you from acid and corrosion.
 F - the ring of Ijaihysa (right hand) {rF+ rC+ Int+8}
   (You took it off a deep elf elementalist on level 3 of the Elven Halls)

   [ring of protection from fire]

   Int+8:     It affects your intelligence (+8).
   rF+:       It protects you from fire.
   rC+:       It protects you from cold.
 U - the amulet "Nyiga" (around neck) {Acrobat ^Fragile Regen+ Int+5 Stlth+}
   (You bought it in a shop on level 15 of the Dungeon)

   [amulet of the acrobat]

   Acrobat:   It increases your evasion while moving and waiting.
   Int+5:     It affects your intelligence (+5).
   Regen+:    It increases your rate of health regeneration.
   ^Fragile:  It will be destroyed if unequipped.
   Stlth+:    It makes you more stealthy.
Wands
 a - a wand of flame (140)
 o - a wand of acid (40)
 t - a wand of iceblast (43)
 x - a wand of digging (52)
 B - a wand of mindburst (46)
 H - a wand of polymorph (4)
 I - a wand of paralysis (62)
Scrolls
 b - 3 scrolls of amnesia
 g - 11 scrolls of noise
 h - 21 scrolls of teleportation
 k - 11 scrolls of blinking
 v - 4 scrolls of fear
 w - 5 scrolls of fog
 D - 9 scrolls of poison
 J - 2 scrolls of vulnerability
 O - 2 scrolls of silence
 P - 5 scrolls of butterflies
 T - 11 scrolls of immolation
Miscellaneous
 G - a Gell's gravitambourine (2/2)
 S - a sack of spiders
 V - a tin of tremorstones (2/2)
 W - a lightning rod (4/4)
 X - a phantom mirror


   Skills:
 + Level 22.1 Fighting
 - Level 1.5 Throwing
 - Level 9.0 Armour
 - Level 9.1 Dodging
 - Level 15.0 Shields
 - Level 2.4 Unarmed Combat
 - Level 18.5 Spellcasting
 - Level 2.0 Conjurations
 - Level 7.0 Hexes
 - Level 19.0 Summonings
 - Level 14.0 Necromancy
 - Level 7.0 Translocations
 - Level 19.0 Fire Magic
 - Level 5.0 Ice Magic
 - Level 7.0 Alchemy
 - Level 9.0 Invocations
 - Level 9.0 Evocations


You had 3 spell levels left.
You knew the following spells:

 Your Spells              Type           Power      Damage    Failure   Level
a - Death Channel         Necr           69%        N/A       1%          6
b - Blink                 Tloc           100%       N/A       1%          2
c - Haunt                 Necr/Summ      73%        N/A       2%          7
d - Dispel Undead         Necr           100%       3d31      1%          4
e - Summon Horrible Thin  Summ           52%        N/A       7%          8
f - Summon Forest         Summ/Tloc      44%        N/A       1%          5
g - Summon Mana Viper     Hex/Summ       89%        N/A       1%          5
h - Ignition              Fire           64%        3d17      7%          8
i - Ozocubu's Armour      Ice            79%        N/A       1%          3
j - Yara's Violent Unrav  Hex/Alch       34%        3d14      4%          5
l - Summon Hydra          Summ           52%        N/A       1%          7

Your spell library contained the following spells:

 Spells                   Type           Power      Damage    Failure   Level
 Necrotise                Necr           100%       1d9       0%          1
 Summon Small Mammal      Summ           100%       N/A       0%          1
 Call Imp                 Summ           100%       N/A       0%          2
 Scorch                   Fire           100%       2d9       0%          2
 Call Canine Familiar     Summ           100%       N/A       0%          3
 Foxfire                  Conj/Fire      100%       2x1d9     1%          1
 Kiss of Death            Conj/Necr      100%       2d13      1%          1
 Magic Dart               Conj           100%       1d8       1%          1
 Slow                     Hex            100%       N/A       1%          1
 Ensorcelled Hibernation  Hex/Ice        100%       N/A       1%          2
 Jinxbite                 Hex            100%       N/A       1%          2
 Lesser Beckoning         Tloc           100%       N/A       1%          2
 Mercury Vapours          Alch/Air       100%       N/A       1%          2
 Momentum Strike          Conj/Tloc      100%       3d10      1%          2
 Confusing Touch          Hex            69%        N/A       1%          3
 Frozen Ramparts          Ice            100%       1d16      1%          3
 Fugue of the Fallen      Necr           100%       N/A       1%          3
 Hailstorm                Conj/Ice       71%        3d12      1%          3
 Inner Flame              Hex/Fire       100%       N/A       1%          3
 Maxwell's Portable Pile  Tloc           69%        2d(12-34) 1%          3
 Sigil of Binding         Hex            69%        N/A       1%          3
 Summon Ice Beast         Ice/Summ       100%       N/A       1%          3
 Teleport Other           Tloc           69%        N/A       1%          3
 Tukima's Dance           Hex            69%        N/A       1%          3
 Volatile Blastmotes      Fire/Tloc      100%       2d18      1%          3
 Sandblast                Erth           96%        2d20      2%          1
 Static Discharge         Conj/Air       100%       3-8/arc   2%          2
 Mephitic Cloud           Conj/Alch/Air  68%        N/A       2%          3
 Stone Arrow              Conj/Erth      100%       3d13      4%          3
 Passwall                 Erth           48%        N/A       8%          3
 Swiftness                Air            48%        N/A       8%          3
 Summon Blazeheart Golem  Fire/Summ      100%       N/A       0%          4
 Anguish                  Hex/Necr       63%        N/A       1%          4
 Animate Armour           Summ/Erth      100%       N/A       1%          4
 Animate Dead             Necr           100%       N/A       1%          4
 Cause Fear               Hex            34%        N/A       1%          4
 Dimensional Bullseye     Hex/Tloc       34%        N/A       1%          4
 Flame Wave               Conj/Fire      100%       2d21      1%          4
 Ignite Poison            Fire/Alch      100%       N/A       1%          4
 Olgreb's Toxic Radiance  Alch           69%        N/A       1%          4
 Passage of Golubria      Tloc           69%        N/A       1%          4
 Sticky Flame             Fire/Alch      100%       2d15      1%          4
 Summon Lightning Spire   Summ/Air       99%        N/A       1%          4
 Curse of Agony           Necr           100%       N/A       1%          5
 Fireball                 Conj/Fire      51%        3d20      1%          5
 Summon Cactus Giant      Summ           52%        N/A       1%          6
 Fulminant Prism          Conj/Alch      29%        3d14      4%          4
 Iskenderun's Mystic Bla  Conj/Tloc      59%        2d12      (+2d64%     4
 Starburst                Conj/Fire      51%        6d14      5%          6
 Leda's Liquefaction      Alch/Erth      35%        N/A       6%          4
 Petrify                  Alch/Erth      71%        N/A       6%          4
 Vhi's Electric Charge    Tloc/Air       100%       N/A       6%          4
 Metabolic Englaciation   Hex/Ice        42%        N/A       6%          5
 Plasma Beam              Fire/Air       61%        2x1d77    8%          6
 Irradiate                Conj/Alch      29%        3d21      11%         5
 Malign Gateway           Summ/Tloc      44%        N/A       11%         7
 Brom's Barrelling Bould  Conj/Erth      56%        2d7       17%         4
 Silence                  Hex/Air        35%        N/A       17%         5
 Dispersal                Tloc           34%        N/A       22%         6
 Eringya's Noxious Bog    Alch           34%        4d6       22%         6
 Gell's Gavotte           Tloc           34%        2d(26-39) 22%         6
 Airstrike                Air            24%        2d(4-20)  26%         4
 Freezing Cloud           Conj/Ice/Air   41%        6-21      26%         5
 Spellforged Servitor     Conj/Summ      41%        N/A       28%         7
 Iskenderun's Battlesphe  Conj           46%        2d10      30%         5
 Sculpt Simulacrum        Ice/Alch       42%        N/A       32%         6
 Rimeblight               Ice/Necr       73%        2d11      (prim41%    7
 Arcjolt                  Conj/Air       28%        1d38      43%         5
 Infestation              Necr           69%        N/A       47%         8
 Lee's Rapid Deconstruct  Erth           24%        3d13*     56%         5
 Dragon's Call            Summ           52%        N/A       71%         9
 Enfeeble                 Hex            34%        N/A       77%         7
 Permafrost Eruption      Ice/Erth       42%        2x4d10    80%         6
 Bombard                  Conj/Erth      28%        9d5       95%         6
 Conjure Ball Lightning   Conj/Air       28%        3x3d8     95%         6
 Ozocubu's Refrigeration  Ice            39%        4d16      95%         7
 Seismic Cannonade        Alch/Erth      35%        6d12      99%         7
 Magnavolt                Erth/Air       32%        3d17      100%        7
 Orb of Destruction       Conj           23%        9d8       100%        7
 Discord                  Hex            34%        N/A       100%        8
 Lehudib's Crystal Spear  Conj/Erth      28%        10d7      100%        8
 Maxwell's Capacitive Co  Air            24%        ∞         100%        8
 Sublimation of Blood     Necr           Unusable   N/A       N/A         2
 Borgnjor's Revivificati  Necr           Unusable   N/A       N/A         8
 Death's Door             Necr           Unusable   N/A       N/A         9

Dungeon Overview and Level Annotations

Branches:
Dungeon (15/15)            Temple (0/1) D:5            Lair (5/5) D:8
  Swamp (4/4) Lair:3        Snake (4/4) Lair:2        Slime (5/5) Lair:4
    Orc (2/2) D:12            Elf (3/3) Orc:2        Vaults (5/5) D:13
  Crypt (3/3) Vaults:2       Tomb (1/3) Crypt:3      Depths (4/4) D:15
    Zot (5/5) Depths:4     Bailey (visited)           IceCv (visited)

Altars:
Ashenzari
Dithmenos
Gozag
Hepliaklqana
Kikubaaqudgha
Makhleb
Okawaru
Trog
Uskayaw
Wu Jian
Xom
Yredelemnul

Shops:
D:2 (   D:3 *[*[   D:8 *   D:13 ?   D:15 (=(*   Orc:1 :   Orc:2 ([[[*   Elf:1 (
Elf:2 [   Elf:3 [:   Snake:1 =   Snake:4 ?*   Vaults:1 [*[   Depths:2 *

Portals:
Hell: Depths:1 Depths:2 Depths:3 Depths:4
Abyss: Depths:1 Depths:3
Pandemonium: Depths:2

Annotations:
Depths:2 Biphu's ghost, veteran DEHs


Innate Abilities, Weirdness & Mutations

Your life essence is reduced to manifest your ancestor. (-10% HP)
You are immune to poison.
Your flesh is cold resistant. (rC+)
You are immune to negative energy. (rN+++)
You are immune to unholy pain and torment.
You are vulnerable to heat. (rF-)
You are strongly in touch with the powers of death.
You do not drink.
You have a special connection with the divine. (Faith)


Message History

Your wraith disappears in a puff of smoke!
Zinit hits the hell beast with a +0 broad axe of speed!
Your phantasmal warrior completely misses the hell beast.
Your phantasmal warrior disappears in a puff of smoke!
Zinit hits the hell beast with a +0 broad axe of speed!
The hell beast attacks as it pursues you!
You block the hell beast's attack. x2
Your shield discharges, shocking the hell beast!
You see here a hobgoblin skeleton.
You block the hell beast's attack. x2
Zinit hits the hell beast with a +0 broad axe of speed!!
You block the hell beast's attack. x2
Zinit hits the hell beast with a +0 broad axe of speed!!
You block the hell beast's attack. x2
Zinit hits the hell beast with a +0 broad axe of speed!
The hell beast dies!
There is a stone staircase leading up here.
Unknown command.
You fly upwards.
There is a stone staircase leading down here.
You see here a +0 short sword of speed.
There is a stone staircase leading up here.
You fly upwards.
There is a stone staircase leading down here.
You swap places.
Zinit is no longer moving quickly.
Magic restored.
The adder hisses angrily.
There is a stone staircase leading up here.
You fly upwards.
There is a stone staircase leading down here.
Aiming: Dig
Press: ? - help, Shift-Dir - straight line You can't see that place. [a rock wall.]
The rock shatters into small pieces.
You conserve a charge of your wand.
There is an open door here.
There is an open door here.
There is a staircase leading out of the dungeon here.
You have escaped!

#.#....# #.########### #...#..#
.......#####.........####..#.##
#.#....##...####'####...##.#.#
......##.#### #...# ####.##..#
#.#...#.##*** #...# ##.#..# #
.....##)####*###'########.##.# #
#.#..#.##~.###.....##..~##.#.# #
.>..##)#≈~..#.[.....#..~~#.#.####
#)#.÷..#≈~..'...@...'..~≈#.......
....##.#≈~..#...R...#..~≈#.#.####
##...#.##~.###.....##..~##^#..# #
.######.####*###'########.###.# #
......#.##*** #...# ##.# #÷# #
###.####.#### #...# ####.## #)# #
##.....##...####'.###...## #.#
........####.........#### #.#
##(......#######.####### ####.###


You could see the friendly Zinit the knight (reflecting).

Vanquished Creatures
  A dread lich (Vaults:3)
  An orb of fire (Zot:3)
  3 ancient liches (Crypt:3)
  The ghost of Plog the Evocator, a veteran CoAr of Beogh (Vaults:3)
  The ghost of Asesu the Invulnerable, a veteran AtFi of Beogh (Zot:3)
  2 golden dragons (Zot:2)
  A bone dragon (Crypt:3)
  A hellephant (Zig:13)
  A tentacled monstrosity (Zig:11)
  4 Orb Guardians (Zot:5)
  A shard shrike skeleton (Crypt:3)
  5 liches
  A death cob (Zot:4)
  4 ancient champions
  A storm dragon (Zot:3)
  Aizul (Snake:2)
  The ghost of Kevimi the Acrobat, an adept FeNe of Sif Muna (Vaults:3)
  The ghost of Siosed the Arsonist, an adept DgFE (Snake:3)
  A protean progenitor (Zot:3)
  A revenant (Crypt:1)
  2 draconian monks
  3 vault wardens
  2 frost giants (Vaults:5)
  A ghost moth (Zig:10)
  A draconian knight (Zot:3)
  4 curse skulls
  2 draconian annihilators (Zot:2)
  A draconian stormcaller (Zot:4)
  A quicksilver ooze (Slime:3)
  An ironbound preserver (Vaults:3)
  A demonspawn corrupter (Zig:11)
  A very ugly thing (Depths:3)
  3 green draconians (Zot:3)
  A juggernaut skeleton (Crypt:3)
  2 deep elf death magi
  An eleionoma (Swamp:2)
  7 vampire knights
  A dire elephant (Zig:12)
  2 yellow draconians (Zot:3)
  A purple draconian (Zot:2)
  A red draconian (Zot:2)
  2 white draconians
  3 ettins
  4 eidola
  A jiangshi (Crypt:2)
  A fire dragon (Depths:2)
  A deep elf high priest (Zig:7)
  An entropy weaver (Zig:10)
  2 vault guards (Vaults:5)
  An ice dragon (Zot:2)
  A yaktaur captain (Vaults:5)
  4 hydras
  An ogre mage (Orc:1)
  2 spriggan skeletons
  2 anacondas (Snake:4)
  A two-headed ogre (Orc:1)
  2 death scarabs (Zig:9)
  2 orc high priests (Orc:2)
  2 vampire magi
  A deep troll earth mage (Depths:3)
  2 death yaks (Lair:1)
  2 naga warriors
  3 hell knights (Depths:3)
  2 shadow wraiths
  A deep elf knight (Elf:2)
  22 skeletal warriors
  A naga sharpshooter (Snake:3)
  2 pharaoh ants (Zig:10)
  3 spriggan druids (Zig:12)
  2 goliath frogs
  A deep elf archer (Elf:2)
  2 glowing orange brains
  7 deep trolls
  An orb spider (Zig:10)
  An arcanist (Elf:1)
  A mana viper (Snake:2)
  A swamp dragon (Zot:2)
  5 flayed ghosts
  3 lindwurms
  A bog body (Crypt:1)
  3 phantasmal warriors
  4 orc sorcerers
  5 ugly things
  3 deep elf zephyrmancers
  5 deep elf pyromancers
  4 manticores
  A tengu skeleton (Zig:9)
  2 wolf spiders
  4 starcursed masses (Zig:11)
  A shining eye (shapeshifter) (Zig:7)
  A salamander (Snake:4)
  2 large abominations (Zig:11)
  4 moths of wrath
  A worldbinder (Zig:11)
  9 black mambas
  A vault sentinel (Zig:7)
  3 torpor snails
  A kobold blastminer (Orc:2)
  3 cane toads
  A cane toad (shapeshifter) (Zig:7)
  3 komodo dragons
  A hellion (Zig:13)
  3 rime drakes
  2 freezing wraiths (Crypt:1)
  A yaktaur (Vaults:5)
  A tengu conjurer (Depths:3)
  A white draconian skeleton (Crypt:2)
  An ancient zyme (Zig:11)
  2 minotaur skeletons
  2 tormentors (Zig:13)
  A harpy zombie (Crypt:3)
  8 guardian mummies
  A death yak skeleton (Crypt:1)
  3 trolls
  A harpy skeleton (Crypt:3)
  3 tarantellas (Zig:10)
  A raiju (Zig:11)
  6 blink frogs
  A slime creature (Vaults:2)
  A wraith (D:12)
  2 ettin skeletons (Crypt:3)
  A ynoxinul (Zig:11)
  8 yaks
  4 nameless horrors
  2 water elementals
  8 shadows
  2 ushabtiu (Zig:9)
  A wyvern (Lair:3)
  2 basilisks
  A neqoxec (Zig:11)
  A redback (Zig:10)
  7 vampire mosquitoes
  Menkaure (D:5)
  A swamp worm (Swamp:2)
  3 nagas
  4 water moccasins
  2 black bears
  A sky beast (D:6)
  16 laughing skulls
  An ice beast (D:6)
  7 orc warriors
  10 wolves
  2 centaurs
  A lemure (D:6)
  A phantom (D:5)
  6 bullfrogs
  A kobold brigand (D:6)
  A scorpion (D:5)
  Dowan (D:4)
  2 killer bees
  A shapeshifter skeleton (Crypt:1)
  A howler monkey (D:7)
  An electric eel (D:6)
  2 bombardier beetles (D:5)
  4 hounds
  A sleepcap (D:6)
  5 orc priests
  A centaur skeleton (Crypt:2)
  10 orc wizards
  A black bear skeleton (Crypt:1)
  6 mummies
  Robin (D:3)
  4 adders
  7 gnolls
  A steam dragon skeleton (Crypt:2)
  A white imp (D:8)
  An adder skeleton (Crypt:2)
  2 dart slugs
  12 orcs
  6 ball pythons
  3 endoplasms
  5 giant cockroaches
  8 goblins
  9 hobgoblins
  A jackal (D:1)
  10 kobolds
  2 quokkas
  A ball python zombie (Crypt:2)
  3 bats
  4 frilled lizards (D:1)
  A rat (D:1)
485 creatures vanquished.

Vanquished Creatures (collateral kills)
  the Royal Jelly (Slime:5)
  5 dread liches
  3 ancient liches
  4 orbs of fire (Zot:5)
  Boris (Depths:4)
  Josephina (Zot:1)
  Vashnia (Snake:4)
  A Killer Klown (Zot:5)
  the Lernaean hydra (Swamp:4)
  A caustic shrike (Zig:12)
  3 curse toes
  14 golden dragons
  2 bone dragons
  18 tentacled monstrosities
  2 electric golems
  A Brimstone Fiend (Depths:3)
  Jorgrun (D:12)
  18 Orb Guardians (Zot:5)
  6 liches
  A hellephant (Zig:12)
  A Hell Sentinel (Zig:11)
  3 titans
  2 deep elf master archers (Elf:3)
  5 quicksilver dragons
  17 acid blobs
  2 deep elf blademasters (Elf:3)
  A walking divine tome (Depths:4)
  5 searing wretches
  10 sphinxes
  7 death cobs
  2 ancient champions
  2 thorn hunters
  13 shadow dragons
  6 tengu reavers
  14 storm dragons
  A daeva (Zig:11)
  6 draconian monks
  12 draconian knights
  A fenstrider witch (Swamp:4)
  4 fire giants
  4 azure jellies
  9 protean progenitors
  3 nagarajas (Snake:4)
  Roxanne (D:14)
  19 rockslimes
  A revenant (Crypt:1)
  A quicksilver elemental (Zig:11)
  13 frost giants
  10 draconian shifters
  2 iron dragons
  8 deep elf sorcerers
  2 ghost moths
  6 draconian scorchers
  A curse skull (Zig:8)
  9 vault wardens
  3 orc warlords
  6 draconian stormcallers
  8 balrugs
  6 deep elf elementalists
  3 ghouls
  2 cacodemons (Depths:3)
  6 draconian annihilators
  A reaper (Zig:8)
  11 quicksilver oozes
  2 vampire knights
  7 formless jellyfish
  7 green draconians
  29 very ugly things
  15 ironbound preservers
  10 deep elf demonologists
  12 black draconians
  7 ironbound thunderhulks
  12 stone giants
  7 deep elf death magi
  16 yellow draconians
  An eleionoma (Swamp:3)
  3 spark wasps (Depths:1)
  5 deep elf annihilators
  12 white draconians
  6 bunyips
  A starcursed mass (Zig:5)
  Nessos (Lair:4)
  12 red draconians
  9 war gargoyles
  11 purple draconians
  15 dire elephants
  11 ettins
  3 green deaths
  A blizzard demon (Depths:3)
  A mummy priest (Zig:9)
  3 crystal guardians
  13 yaktaur captains
  17 fire dragons
  A jiangshi (Crypt:2)
  4 deep elf high priests
  3 entropy weavers
  3 rakshasas
  12 hydras
  3 salamander tyrants
  7 great orbs of eyes
  A hell beast (D:4)
  7 ice dragons
  A ghost crab (Swamp:4)
  32 vault guards
  2 catoblepae
  An ogre mage (Vaults:4)
  7 centaur warriors
  3 peacekeepers
  13 anacondas
  9 alligators
  6 boulder beetles
  10 two-headed ogres
  2 jorogumos (Zot:5)
  31 dancing weapons
  A death knight (Crypt:2)
  8 ironbound frosthearts
  3 satyrs
  11 naga warriors
  A hell hog (Zig:13)
  8 deep troll shamans
  13 naga sharpshooters
  6 tengu warriors
  5 death yaks
  10 deep troll earth magi
  A demonic crawler (Zig:10)
  2 orc high priests
  11 deep elf knights
  6 shock serpents
  2 shock serpents (shapeshifter)
  A spriggan berserker (Depths:4)
  3 occultists
  A sun demon (Zot:3)
  A wretched star (Zig:11)
  21 hell knights
  6 iron trolls
  6 skysharks
  A sixfirhy (Depths:2)
  15 skeletal warriors
  6 salamander mystics
  A death drake (Swamp:4)
  2 flayed ghosts
  A golden dragon zombie (Zig:9)
  3 goliath frogs
  A spatial maelstrom (Zig:5)
  A glowing orange brain (shapeshifter) (Depths:2)
  10 deep elf archers
  3 arcanists
  2 glowing orange brains
  3 orb spiders (Zot:4)
  An orange crystal statue (Zot:5)
  4 spriggan druids
  An obsidian statue (Depths:2)
  13 swamp dragons
  4 thermic dynamos
  46 deep trolls
  6 naga ritualists
  Pikel (D:6)
  4 bog bodies
  8 mana vipers
  5 lindwurms
  An orc knight (Bailey)
  15 ironbound convokers
  A lindwurm (shapeshifter) (Vaults:5)
  An obsidian bat (Zig:1)
  20 deep elf pyromancers
  2 steelbarb worms (Zig:10)
  6 phantasmal warriors
  22 deep elf zephyrmancers
  23 ugly things
  Maurice (Orc:2)
  2 large abominations
  3 orc sorcerers (Orc:2)
  2 fire giant zombies (Zig:9)
  A stone giant zombie (Crypt:1)
  4 will-o-the-wisps
  23 moths of wrath
  6 cyclopes
  13 salamanders
  11 shining eyes
  2 meliai (shapeshifter) (Elf:3)
  2 elephants (Zig:12)
  5 guardian serpents
  25 black mambas
  A meliai (D:14)
  12 naga magi
  2 kobold blastminers (Orc:2)
  An ice statue (Zot:2)
  5 eyes of devastation
  6 smoke demons
  An unseen horror (D:13)
  2 cane toads (shapeshifter) (D:14)
  17 vault sentinels
  2 centaur skeletons (Crypt:3)
  19 cane toads
  4 gargoyles (Crypt:3)
  A rime drake (Lair:3)
  A storm dragon simulacrum (Zot:1)
  3 komodo dragons
  14 yaktaurs
  3 kobold demonologists
  12 nameless horrors
  3 freezing wraiths
  An anaconda simulacrum (IceCv)
  An efreet (D:14)
  2 alligator snapping turtle skeletons (Crypt:3)
  3 tengu conjurers
  2 polar bears (D:11)
  11 tyrant leeches
  2 alligator simulacra (IceCv)
  2 trolls
  A tarantella (Vaults:4)
  A wolf spider simulacrum (D:14)
  An ettin zombie (Crypt:2)
  35 blink frogs
  6 hornets
  A harpy skeleton (Crypt:3)
  4 glass eyes
  A jumping spider (Vaults:4)
  65 slime creatures
  Sigmund (D:3)
  3 air elementals
  A wyvern (Lair:2)
  A culicivora (Vaults:2)
  2 dire elephant simulacra (IceCv)
  An ushabti (Zig:9)
  2 water elementals
  6 spriggans
  6 wargs
  31 yaks
  3 fire elementals
  7 basilisks
  Grum (D:8)
  4 golden eyes
  A white draconian simulacrum (Zot:1)
  6 redbacks
  17 vampire mosquitoes
  2 harpy simulacra (IceCv)
  Edmund (D:6)
  28 nagas
  A spatial vortex (Zig:5)
  18 swamp worms
  Duvessa (D:3)
  An acid dragon (Zot:2)
  14 water moccasins
  5 swamp drakes
  2 moth of wrath simulacra (Zot:1)
  5 ice beasts
  30 orc warriors
  3 black bears
  An ettin simulacrum (IceCv)
  A laughing skull (Crypt:2)
  A sky beast (D:7)
  6 ogres
  A boggart (Elf:1)
  A tengu (shapeshifter) (Vaults:5)
  4 centaurs
  21 wolves
  3 lemures (D:6)
  A phantom (D:6)
  22 bullfrogs
  2 kobold brigands
  2 scorpions (D:7)
  A warg zombie (Crypt:1)
  4 earth elementals
  A gnoll sergeant (D:11)
  3 wights (D:8)
  A polar bear zombie (Crypt:1)
  A raiju zombie (Crypt:2)
  A yak zombie (Crypt:2)
  10 killer bees
  4 howler monkeys
  8 electric eels
  A bombardier beetle (D:7)
  20 orc priests
  An iguana (D:6)
  21 orc wizards
  3 sleepcaps
  7 mummies (Crypt:3)
  2 adders (D:6)
  9 gnolls
  A white imp (D:11)
  2 ufetubi (D:5)
  53 orcs
  An endoplasm (D:3)
  4 goblins
  4 hobgoblins
  18 kobolds
  6 aspiring fleshes
  A spectral weapon (Swamp:3)
1907 creatures vanquished.

Vanquished Creatures (others)
  A fenstrider witch (Swamp:3)
  A frost giant (Depths:2)
  A draconian scorcher (Zot:3)
  A draconian stormcaller (Zot:4)
  A stone giant (Depths:2)
  A vampire knight (Depths:2)
  A red draconian (Zot:3)
  A fire dragon (Zot:4)
  A yaktaur captain (Vaults:1)
  3 centaur warriors (Vaults:1)
  A deep troll shaman (Depths:2)
  A deep elf knight (Elf:2)
  2 lindwurms (Zot:2)
  A deep elf zephyrmancer (Elf:3)
  A naga mage (Snake:2)
  2 yaktaurs
  A bloated husk (Swamp:1)
  A troll (D:11)
  A polar bear (D:11)
  2 nagas
  A moth of wrath simulacrum (Zot:1)
  2 ancestors
  50 knights
  22 foxfires
  77 snaplasher vines
177 creatures vanquished.

Grand Total: 2569 creatures vanquished

Notes
Turn   | Place    | Note
-------+----------+-------------------------------------------
     0 | D:1      | MrSquiggles the Mummy Gladiator began the quest for the
                  | Orb.
     0 | D:1      | Reached XP level 1. HP: 16/16 MP: 1/1
    52 | D:1      | Reached skill level 1 in Spellcasting
   190 | D:1      | Reached XP level 2. HP: 22/22 MP: 5/5
   454 | D:1      | Reached XP level 3. HP: 24/27 MP: 5/7
  1436 | D:2      | Found Nuedd's Weapon Boutique.
  1554 | D:1      | Reached XP level 4. HP: 19/33 MP: 8/10
  1872 | D:2      | Reached skill level 5 in Spellcasting
  2132 | D:2      | Got Cedd's Anthology of the Helpful Zephyr
  2299 | D:2      | Learned a level 1 spell: Magic Dart
  2302 | D:2      | Learned a level 2 spell: Blink
  2305 | D:2      | Learned a level 2 spell: Call Imp
  2575 | D:3      | Got the Compendium of Assembled Iniquitous Magicks
  2578 | D:3      | Learned a level 1 spell: Summon Small Mammal
  2581 | D:3      | Found Yrghy's General Store.
  2616 | D:3      | Found Giupeg's Antique Armour Shop.
  2662 | D:3      | Found Kunarch's Assorted Antiques.
  2669 | D:3      | Bought a scroll labelled KEQIUT LAOMEU for 21 gold pieces
  2669 | D:3      | Bought a scroll of blinking for 157 gold pieces
  2701 | D:3      | Bought a scroll of identify for 28 gold pieces
  2774 | D:3      | Noticed Robin
  2855 | D:3      | Reached skill level 1 in Summonings
  2914 | D:3      | Reached XP level 5. HP: 14/38 MP: 6/12
  3076 | D:3      | Found a transporter.
  3169 | D:3      | Killed Robin
  3255 | D:3      | Found a transporter.
  3309 | D:3      | Noticed Sigmund
  3805 | D:4      | Noticed Dowan
  3829 | D:4      | Killed Dowan
  4023 | D:4      | Noticed Duvessa
  4317 | D:4      | Reached XP level 6. HP: 32/44 MP: 13/13
  4413 | D:4      | Reached skill level 1 in Translocations
  4982 | D:4      | Reached skill level 1 in Conjurations
  4982 | D:4      | Reached XP level 7. HP: 29/50 MP: 3/14
  5434 | D:5      | Entered Level 5 of the Dungeon
  5462 | D:5      | Noticed Menkaure
  5880 | D:4      | Learned a level 3 spell: Summon Ice Beast
  6048 | D:5      | Found a hazy altar of Hepliaklqana.
  6346 | D:5      | Became a worshipper of Hepliaklqana the Forgotten
  6385 | D:5      | Killed Menkaure
  6623 | D:5      | Found a burning altar of Makhleb.
  6638 | D:5      | Reached XP level 8. HP: 52/56 MP: 10/15
  6640 | D:5      | Found an opulent altar of Gozag.
  6874 | D:5      | Found a staircase to the Ecumenical Temple.
  7122 | D:5      | Identified a scroll of acquirement
  7168 | D:5      | Acquired the ring of Cajowk {Wiz rPois Dex+3}
  7286 | D:6      | Found a transporter.
  7297 | D:6      | Found a transporter.
  7386 | D:6      | Noticed Edmund
  7410 | D:6      | Killed Edmund
  7559 | D:6      | Reached skill level 5 in Summonings
  7559 | D:6      | Reached skill level 5 in Ice Magic
  7675 | D:6      | Reached skill level 3 in Fighting
  7887 | D:6      | Found a shimmering altar of Xom.
  7908 | D:6      | Reached XP level 9. HP: 64/64 MP: 10/16
  7976 | D:6      | Reached * piety under Hepliaklqana
  7986 | D:6      | Noticed Pikel
  8066 | D:6      | Killed Pikel
  8067 | D:6      | Reached skill level 4 in Fighting
  8413 | D:6      | Acquired the ring "Imysabec" {rElec Will- EV+5 Str+3 Int+6}
  8551 | D:6      | Reached skill level 5 in Translocations
  8788 | D:7      | Found a flagged portal.
  8887 | Bailey   | Entered a bailey
  8922 | Bailey   | Learned a level 5 spell: Summon Forest
  9045 | Bailey   | Reached ** piety under Hepliaklqana
  9046 | Bailey   | Remembered your ancestor Zinit as a knight
  9064 | Bailey   | Noticed an orc knight
  9089 | Bailey   | Killed an orc knight
  9256 | Bailey   | Learned a level 5 spell: Summon Mana Viper
  9299 | Bailey   | Found a large runed translucent door.
  9299 | Bailey   | Found a large runed translucent door.
  9309 | Bailey   | Reached skill level 1 in Hexes
  9309 | Bailey   | Noticed a deep elf pyromancer
  9539 | Bailey   | Killed a deep elf pyromancer
  9540 | Bailey   | Reached XP level 10. HP: 65/65 MP: 11/18
  9545 | Bailey   | Identified the +2 pair of boots of the Everdark {Harm
                  | *Corrode Regen+ SInv}
  9552 | Bailey   | Identified the +9 spear "Lyb Suuj" {vamp, rElec Str+2
                  | Dex+4}
  9803 | D:7      | Found a broken altar of Ashenzari.
  9841 | D:7      | Found a bloodstained altar of Trog.
 10253 | D:7      | Upgraded the game from 0.32-a0-960-g3814254bd7 to
                  | 0.32-a0-961-gd60f5e5fc7
 10260 | D:8      | Noticed Grum
 10368 | D:8      | Found Osche's Assorted Antiques.
 10431 | D:8      | Noticed a sixfirhy
 10436 | D:8      | Noticed a soul eater
 10690 | D:8      | Reached skill level 5 in Hexes
 10844 | D:8      | Killed Grum
 10863 | D:8      | Found a staircase to the Lair.
 10864 | D:8      | You fall into a shaft and drop 2 floors!
 10864 | D:10     | Entered Level 10 of the Dungeon
 11133 | D:10     | Noticed a rust devil
 11369 | D:10     | Reached *** piety under Hepliaklqana
 11449 | D:10     | Noticed a two-headed ogre
 11456 | D:10     | Killed a two-headed ogre
 11547 | D:10     | Noticed a +0 dagger
 11548 | D:10     | Found a hide-covered altar of Uskayaw.
 11549 | D:10     | Noticed a +0 hand axe
 12045 | D:10     | Reached XP level 11. HP: 70/70 MP: 9/19
 12439 | D:9      | Reached skill level 5 in Fighting
 12490 | D:9      | Identified the ring "Pehu" {rN+ Dex+6 Slay+2}
 12509 | D:9      | Noticed a two-headed ogre
 12516 | D:9      | Killed a two-headed ogre
 12739 | D:9      | Learned a level 3 spell: Frozen Ramparts
 12743 | D:9      | Learned a level 3 spell: Ozocubu's Armour
 12891 | D:9      | Reached skill level 6 in Fighting
 13086 | D:9      | Noticed a two-headed ogre
 13094 | D:9      | Killed a two-headed ogre
 13385 | D:9      | Reached skill level 7 in Fighting
 13657 | D:9      | Reached skill level 1 in Evocations
 13818 | D:8      | Reached skill level 1 in Invocations
 13972 | D:8      | Found a shadowy altar of Dithmenos.
 14071 | D:8      | Reached **** piety under Hepliaklqana
 14702 | Lair:1   | Entered Level 1 of the Lair of Beasts
 14834 | Lair:1   | Noticed a death yak
 14837 | Lair:1   | Noticed a death yak
 14837 | Lair:1   | Noticed a death yak
 14837 | Lair:1   | Noticed a death yak
 14841 | Lair:1   | Killed a death yak
 14841 | Lair:1   | Noticed a death yak
 14842 | Lair:1   | Killed a death yak
 14842 | Lair:1   | Noticed a death yak
 14843 | Lair:1   | Killed a death yak
 14844 | Lair:1   | Killed a death yak
 14845 | Lair:1   | Reached skill level 5 in Invocations
 14846 | Lair:1   | Killed a death yak
 14847 | Lair:1   | Reached XP level 12. HP: 7/81 MP: 5/23
 14848 | Lair:1   | Killed a death yak
 16305 | Lair:2   | Noticed a six-headed hydra
 16311 | Lair:2   | Killed a six-headed hydra
 16312 | Lair:2   | Reached skill level 5 in Evocations
 16453 | Lair:2   | Found a staircase to the Snake Pit.
 17184 | Lair:2   | Reached ***** piety under Hepliaklqana
 17362 | Lair:2   | Identified the +6 quarterstaff "Buohoy" {venom, rPois
                  | Dex+3}
 18354 | Lair:3   | Gained mutation: You are strongly in touch with the powers
                  | of death. [Mummy growth]
 18354 | Lair:3   | Reached XP level 13. HP: 53/86 MP: 18/25
 18522 | Lair:3   | Identified the +4 dagger "Ulajil" {vamp, *Corrode rElec
                  | Dex+3}
 19110 | Lair:3   | Found a staircase to the Swamp.
 19417 | Lair:4   | Reached skill level 8 in Fighting
 19733 | Lair:4   | Noticed Nessos
 19742 | Lair:4   | Killed Nessos
 20019 | Lair:4   | Found a staircase to the Slime Pits.
 20413 | Lair:4   | Reached ****** piety under Hepliaklqana
 20510 | Lair:5   | Entered Level 5 of the Lair of Beasts
 20536 | Lair:5   | Reached skill level 5 in Dodging
 20635 | Lair:5   | Reached skill level 9 in Fighting
 20635 | Lair:5   | Reached skill level 10 in Spellcasting
 21908 | Lair:5   | Reached skill level 10 in Fighting
 21910 | Lair:5   | Reached XP level 14. HP: 99/99 MP: 14/29
 24930 | D:12     | Found a staircase to the Orcish Mines.
 24955 | D:12     | Noticed Jorgrun
 24963 | D:12     | Killed Jorgrun
 25233 | D:12     | Reached skill level 11 in Fighting
 25713 | Orc:1    | Entered Level 1 of the Orcish Mines
 25771 | Orc:2    | Entered Level 2 of the Orcish Mines
 25772 | Orc:2    | Found a staircase to the Elven Halls.
 25819 | Orc:2    | Noticed an orc warlord
 25833 | Orc:2    | Killed an orc warlord
 25921 | Orc:2    | Paralysed by an orc sorcerer for 5 turns
 26010 | Orc:2    | Found Kikaucul's Antique Weapon Shoppe.
 26126 | Orc:2    | Noticed Maurice
 26143 | Orc:2    | Killed Maurice
 26808 | Orc:2    | Found Ehutzelo's General Store.
 26856 | Orc:2    | Found Aplausu's Armour Shoppe.
 26856 | Orc:2    | Found Jomazu's Armour Emporium.
 26860 | Orc:2    | Found Noeggum's Armour Shoppe.
 27289 | Orc:1    | Noticed an orc warlord
 27312 | Orc:1    | Killed an orc warlord
 27591 | Orc:1    | Found Pebrem's Book Emporium.
 27591 | Orc:1    | Noticed a walking frostbound tome
 27591 | Orc:1    | Noticed a walking earthen tome
 27810 | Orc:1    | Reached skill level 12 in Fighting
 27810 | Orc:1    | Reached XP level 15. HP: 108/108 MP: 17/32
 28084 | Orc:2    | Bought a +0 buckler of reflection for 93 gold pieces
 28148 | D:13     | Found Qaicow's Magic Scroll Emporium.
 28236 | D:13     | Reached skill level 1 in Shields
 28734 | D:13     | Found a gate to the Vaults.
 30307 | D:14     | Noticed Roxanne
 30838 | D:15     | Entered Level 15 of the Dungeon
 30970 | D:15     | Found a staircase to the Depths.
 31087 | D:15     | Found a broken altar of Ashenzari.
 31488 | D:15     | Found a hazy altar of Hepliaklqana.
 31747 | D:15     | Found Yzxav's Weapon Shoppe.
 31747 | D:15     | Found Inuef's Antique Weapon Shoppe.
 31750 | D:15     | Found Biuqased's Jewellery Shoppe.
 31751 | D:15     | Found Vaoron's Assorted Antiques.
 31901 | D:15     | Bought the amulet "Nyiga" {Acrobat ^Fragile Regen+ Int+5
                  | Stlth+} for 759 gold pieces
 32234 | D:3      | Killed Duvessa
 32240 | D:3      | Killed Sigmund
 32272 | D:3      | Found Weutz's Armour Emporium.
 32371 | D:3      | Bought the +5 ring mail of Miracles {Int+4 Dex+3} for 507
                  | gold pieces
 32392 | D:3      | Learned a level 5 spell: Metabolic Englaciation
 32397 | D:3      | Learned a level 4 spell: Cause Fear
 32405 | D:3      | Learned a level 7 spell: Summon Hydra
 32639 | Swamp:1  | Entered Level 1 of the Swamp
 33448 | Swamp:2  | Found a glacial archway.
 33470 | IceCv    | Entered an ice cave
 33475 | IceCv    | Reached skill level 10 in Summonings
 33475 | IceCv    | Reached XP level 16. HP: 86/116 MP: 21/34
 33488 | IceCv    | Found a transporter.
 33492 | IceCv    | Identified the +8 battleaxe of Defiance {heavy, rF++}
 33506 | IceCv    | Found a transporter.
 34195 | Swamp:2  | Learned a level 4 spell: Anguish
 34566 | Swamp:3  | Noticed a thorn hunter
 34579 | Swamp:3  | Killed a thorn hunter
 35248 | Swamp:4  | Entered Level 4 of the Swamp
 36138 | Swamp:4  | Noticed the 27-headed Lernaean hydra
 36397 | Swamp:4  | Killed the 25-headed Lernaean hydra
 36655 | Swamp:4  | Noticed a thorn hunter
 36661 | Swamp:4  | Killed a thorn hunter
 37050 | Swamp:4  | Got a decaying rune of Zot
 37289 | Snake:1  | Entered Level 1 of the Snake Pit
 37988 | Snake:1  | Reached XP level 17. HP: 108/121 MP: 18/35
 38228 | Snake:1  | Found Jypyvveso's Jewellery Shop.
 38480 | Snake:2  | Identified the serpent talisman "Ruifo" {Will+ Dex+2
                  | Stlth+}
 38480 | Snake:2  | Noticed Aizul
 38504 | Snake:2  | Killed Aizul
 38891 | Snake:2  | Found an opulent altar of Gozag.
 39186 | Snake:2  | Identified the +5 rapier of Crusades {distort, rF+ Dex+2}
 39549 | Snake:2  | Reached skill level 15 in Summonings
 39600 | Snake:2  | Reached skill level 1 in Necromancy
 40335 | Orc:2    | Bought the +5 Storm Queen's Shield {shock, Fly rElec} for
                  | 501 gold pieces
 40335 | Orc:2    | Found the +5 Storm Queen's Shield {shock, Fly rElec}
 40782 | Snake:3  | Found a runed translucent door.
 40789 | Snake:3  | Noticed Siosed's ghost (adept DgFE)
 40868 | Snake:3  | Reached skill level 5 in Shields
 41944 | Snake:4  | Entered Level 4 of the Snake Pit
 42620 | Snake:4  | Reached skill level 5 in Necromancy
 42704 | Snake:4  | Reached skill level 15 in Spellcasting
 42722 | Snake:4  | Learned a level 4 spell: Dispel Undead
 42926 | Snake:4  | Found Rogosota's Magic Scroll Emporium.
 42931 | Snake:4  | Found Idodiacw's Armour Emporium.
 43227 | Snake:4  | Reached XP level 18. HP: 127/127 MP: 23/37
 43342 | Snake:4  | Noticed Vashnia
 43361 | Snake:4  | Killed Vashnia
 43517 | Snake:4  | Found Enosh's CLEARANCE SALE!.
 43691 | Snake:4  | Found an iron altar of Okawaru.
 43788 | Snake:4  | Got a serpentine rune of Zot
 43894 | Snake:4  | Bought a scroll of amnesia for 24 gold pieces
 44162 | Orc:2    | Bought a book of Wicked Creation for 616 gold pieces
 44169 | Orc:2    | Learned a level 6 spell: Death Channel
 44208 | Elf:1    | Entered Level 1 of the Elven Halls
 45354 | Elf:1    | Found Otheeneg's Antique Weapon Shoppe.
 45753 | Elf:1    | Found a runed translucent door.
 46240 | Elf:2    | Upgraded the game from 0.32-a0-961-gd60f5e5fc7 to
                  | 0.32-a0-975-g85d4e5bfdb
 46623 | Elf:2    | Found Torphaon's Armour Shop.
 46631 | Elf:2    | Bought a +0 helmet of intelligence for 207 gold pieces
 46746 | Elf:2    | Found a runed translucent gate.
 46746 | Elf:2    | Found a runed translucent gate.
 46746 | Elf:2    | Found a runed translucent gate.
 47228 | Elf:3    | Entered Level 3 of the Elven Halls
 47349 | Elf:3    | Identified the +1 hand axe of Checkmate {pain, rC+ Dex+3
                  | Stlth+}
 47358 | Elf:3    | Reached skill level 10 in Necromancy
 47542 | Elf:3    | Noticed a Tzitzimitl
 47740 | Elf:3    | Reached skill level 10 in Shields
 47868 | Elf:3    | Identified the +0 rapier "Rakilid" {holy, *Noise rF+ Str+5
                  | Stlth+}
 47895 | Elf:3    | Identified the ring of Ijaihysa {rF+ rC+ Int+8}
 48138 | Elf:3    | Identified the +5 demon blade "Qephid" {drain, Int-3 Dex+7}
 48143 | Elf:3    | Identified the +7 scimitar of Conflict {freeze, rC+ Str+3}
 48407 | Elf:3    | Identified the +11 dagger "Sam Uxus" {freeze, rPois Int+2}
 48424 | Elf:3    | Identified the +1 scale mail of Complete Protection {Int+2}
 48464 | Elf:3    | Identified the ring of Nobility {EV+5 Str+3 Stlth+}
 48661 | Elf:3    | Found Daemned's Book Boutique.
 48763 | Elf:3    | Reached XP level 19. HP: 116/133 MP: 2/38
 49074 | Elf:3    | Got Sif Muna's Incunabulum of Attendants
 50244 | Orc:2    | Bought a scroll of amnesia for 56 gold pieces
 50294 | D:13     | Bought a scroll of amnesia for 56 gold pieces
 50303 | D:13     | Learned a level 7 spell: Haunt
 50348 | Vaults:1 | Entered Level 1 of the Vaults
 51714 | Vaults:1 | Paralysed by a sphinx for 3 turns
 51736 | Vaults:1 | Found Boxow's Antique Armour Emporium.
 51737 | Vaults:1 | Found Cacistrus's Assorted Antiques.
 51738 | Vaults:1 | Found Xesiuk's Antique Armour Emporium.
 51745 | Vaults:1 | Identified the +1 ring mail of Wasted Space {Rampage
                  | *Corrode rC+ Will++}
 52141 | Vaults:1 | Found the +8 mithril axe "Arga" {speed, Will+}
 52810 | Vaults:2 | Found a staircase to the Crypt.
 52810 | Vaults:2 | Found a basalt altar of Yredelemnul.
 52811 | Vaults:2 | Found an ancient bone altar of Kikubaaqudgha.
 52857 | Vaults:2 | Found a flickering gateway to a bazaar.
 52866 | Bazaar   | Entered a bazaar
 52954 | Bazaar   | Found Ceadwun's Magic Scroll Boutique.
 52959 | Bazaar   | Found Juocvul's Magic Scroll Shoppe.
 52965 | Bazaar   | Found Sytzev's Weapon Shop.
 52979 | Bazaar   | Found Duqimuk's Assorted Antiques.
 53009 | Bazaar   | Bought a scroll of blinking for 135 gold pieces
 53009 | Bazaar   | Bought a scroll of butterflies for 72 gold pieces
 53009 | Bazaar   | Bought a scroll of amnesia for 72 gold pieces
 53009 | Bazaar   | Bought a scroll of fear for 72 gold pieces
 53032 | Bazaar   | Bought a scroll of blinking for 105 gold pieces
 53032 | Bazaar   | Bought a scroll of amnesia for 56 gold pieces
 53660 | Vaults:2 | You are sucked into a shaft and drop 2 floors!
 53951 | Vaults:2 | Reached XP level 20. HP: 139/139 MP: 19/39
 54378 | Vaults:3 | Found a runed translucent gate.
 54378 | Vaults:3 | Found a runed translucent gate.
 54378 | Vaults:3 | Found a runed translucent gate.
 54380 | Vaults:3 | Found an ancient bone altar of Kikubaaqudgha.
 54380 | Vaults:3 | Noticed a dread lich
 54380 | Vaults:3 | Noticed Kevimi's ghost (adept FeNe)
 54381 | Vaults:3 | Noticed Plog's ghost (veteran CoAr)
 54400 | Vaults:3 | Killed a dread lich
 54422 | Vaults:3 | Killed Kevimi's ghost
 54452 | Vaults:3 | Killed Plog's ghost
 54725 | Vaults:3 | Identified the +1 hat of Charity {Harm rElec}
 54728 | Vaults:3 | Identified the amulet "Yrufagat" {Spirit rC+}
 56406 | Vaults:4 | Identified the ring "Bipak" {rF++ rN+ rCorr Int+2}
 56619 | Vaults:4 | Reached skill level 15 in Shields
 56753 | Vaults:4 | Reached skill level 1 in Armour
 57581 | Vaults:2 | Identified the +8 dagger of the Demagogue {flame, Str+4
                  | Int+2}
 57775 | Crypt:1  | Entered Level 1 of the Crypt
 57957 | Crypt:1  | Reached skill level 13 in Fighting
 58149 | Crypt:3  | Entered Level 3 of the Crypt
 58153 | Crypt:3  | Found an ancient bone altar of Kikubaaqudgha.
 58153 | Crypt:3  | Noticed an ancient lich
 58156 | Crypt:3  | Killed an ancient lich
 58308 | Crypt:3  | Found a staircase to the Tomb.
 58308 | Crypt:3  | Noticed an ancient lich
 58314 | Crypt:3  | Killed an ancient lich
 58315 | Crypt:3  | Reached XP level 21. HP: 117/145 MP: 15/41
 58317 | Tomb:1   | Entered Level 1 of the Tomb of the Ancients
 58620 | Crypt:3  | Noticed an ancient lich
 58627 | Crypt:3  | Killed an ancient lich
 58635 | Crypt:3  | Reached skill level 5 in Armour
 58645 | Crypt:3  | Noticed a dread lich
 58650 | Crypt:3  | Killed a dread lich
 58658 | Crypt:3  | Got an ivory gem with 920 turns to spare
 58944 | Crypt:3  | Identified the +2 leather armour "Torrifoc" {rPois Regen+
                  | rCorr Int-5}
 58945 | Crypt:3  | Identified the +0 buckler of Analysis {rPois Dex+3}
 59650 | Crypt:3  | Got the Discourse on Ceration
 59652 | Crypt:3  | Identified the +7 arbalest "Giyjul" {antimagic, *Corrode
                  | Will+ Str+8 Stlth-}
 60122 | Crypt:3  | Identified the staff "Puyrphius" {rN+ Str+4 Necro}
 61085 | Crypt:2  | Reached skill level 14 in Fighting
 63176 | Depths:1 | Entered Level 1 of the Depths
 63215 | Depths:1 | Found a one-way gate to the infinite horrors of the Abyss.
 63438 | Depths:1 | Found a gateway to Hell.
 63492 | Depths:1 | Reached skill level 15 in Fighting
 63803 | Depths:1 | Noticed a caustic shrike
 64491 | Depths:2 | Reached XP level 22. HP: 62/157 MP: 6/43
 64684 | Depths:2 | Learned a level 6 spell: Summon Cactus Giant
 65069 | Depths:2 | Found a shimmering altar of Xom.
 65310 | Depths:2 | Found a runed translucent gate.
 65310 | Depths:2 | Found a runed translucent gate.
 65310 | Depths:2 | Found a runed translucent gate.
 65310 | Depths:2 | Found an opulent altar of Gozag.
 65310 | Depths:2 | Found Teynunopn's Assorted Antiques.
 65318 | Depths:2 | Noticed Biphu's ghost (veteran DEHs)
 65778 | Depths:2 | Found a one-way gate leading to the halls of Pandemonium.
 66303 | Depths:3 | Found an ornate altar of the Wu Jian Council.
 66786 | Depths:3 | Found a burning altar of Makhleb.
 66795 | Depths:3 | Identified the ring "Togiruc" {Will+ MP+9 Str+3}
 66801 | Depths:3 | Identified the +0 chain mail of Cizaecw {rPois rF- Dex+2}
 67649 | Depths:4 | Entered Level 4 of the Depths
 67840 | Depths:4 | Found a one-way gateway to a ziggurat.
 67985 | Depths:4 | Found a gate to the Realm of Zot.
 67991 | Depths:4 | Identified the +2 robe of Waujahal {rF+ Str+4 Dex+2}
 67991 | Depths:4 | Noticed Boris
 68160 | Depths:4 | Killed Boris
 68998 | Depths:4 | Learned a level 8 spell: Summon Horrible Things
 69343 | Slime:1  | Entered Level 1 of the Pits of Slime
 69413 | Slime:1  | Reached XP level 23. HP: 162/162 MP: 38/45
 69880 | Slime:2  | Reached skill level 1 in Fire Magic
 71120 | Slime:4  | Reached skill level 5 in Fire Magic
 71739 | Slime:5  | Entered Level 5 of the Pits of Slime
 71768 | Slime:5  | Noticed the Royal Jelly
 71785 | Slime:5  | Killed the Royal Jelly
 72030 | Slime:5  | Got a slimy rune of Zot
 72188 | Slime:5  | Identified the +2 glaive of Integrity {flame, Dex+3}
 72191 | Slime:5  | Identified the +5 mace "Bezige" {heavy, rPois Int+3 SInv}
 72371 | Slime:5  | Got the Anthology of the Aggregated Glacier
 72964 | Snake:3  | Killed Siosed's ghost
 74718 | D:14     | Killed Roxanne
 74948 | Vaults:5 | Entered Level 5 of the Vaults
 74955 | Vaults:5 | Reached skill level 10 in Fire Magic
 74972 | Vaults:5 | Noticed an ancient lich
 74973 | Vaults:5 | Reached XP level 24. HP: 120/170 MP: 14/45
 74987 | Vaults:5 | Killed an ancient lich
 75195 | Vaults:5 | Identified the ring "Ydoygir" {Will+ Str+2}
 75248 | Vaults:5 | Identified the +7 halberd of the Revolution {protect,
                  | Int+7}
 75250 | Vaults:5 | Identified the +0 dagger of the Well-Known Ghosts {freeze,
                  | Dex+2}
 75262 | Vaults:5 | Noticed a dread lich
 75275 | Vaults:5 | Killed a dread lich
 75378 | Vaults:1 | Bought a sack of spiders for 1360 gold pieces
 75585 | D:8      | Bought a tin of tremorstones (2/2) for 760 gold pieces
 75860 | Depths:2 | Bought a brightly glowing ring mail for 288 gold pieces
 75860 | Depths:2 | Identified the +1 ring mail of Sif Muna's Approval {Dex+3}
                  | (You bought it in a shop on level 2 of the Depths)
 76054 | Vaults:1 | Bought a smoking leather armour for 280 gold pieces
 76054 | Vaults:1 | Identified the +3 leather armour of Xudivi {Slay+3} (You
                  | bought it in a shop on level 1 of the Vaults)
 76234 | Vaults:5 | Identified the +3 dagger of Xom's Generosity {freeze, *Slow
                  | rElec rF+++ Int-4}
 76530 | Vaults:5 | Identified the +1 war axe "Oror" {drain, rPois rF+ rN+
                  | MP-9}
 76685 | Vaults:5 | Got the Cyclopedia of the Aggregated Maleficium
 76729 | Vaults:5 | Identified the +2 scale mail "Yblitim" {Rampage Dex+5}
 76735 | Vaults:5 | Identified the +5 scale mail "Ysuiti" {rC+ rCorr}
 76932 | Vaults:5 | Identified the +3 mace of Integrity {freeze, ^Contam +Blink
                  | Str+3 Dex+4}
 76961 | Vaults:5 | Noticed an ancient lich
 76969 | Vaults:5 | Identified the amulet "Xaggaija" {rF++ rN+ RegenMP+ rCorr
                  | Str+2}
 77167 | Vaults:5 | Killed an ancient lich
 77730 | Vaults:5 | Got a silver rune of Zot
 77810 | Vaults:5 | Identified the amulet of Qyraaciph {+Inv Regen+ Int+2 SInv}
 77851 | Vaults:5 | Identified the staff of Ylilymowk {^Contam rPois rF+ Dex+8
                  | Fire}
 78590 | Zig:1    | Entered Level 1 of a ziggurat
 78659 | Zig:2    | Entered Level 2 of a ziggurat
 78859 | Zig:3    | Entered Level 3 of a ziggurat
 78886 | Zig:3    | Identified the +8 broad axe of Overwhelming Force {freeze,
                  | *Rage rCorr Str+2 Dex+5}
 78953 | Zig:4    | Entered Level 4 of a ziggurat
 78962 | Zig:4    | Reached skill level 15 in Fire Magic
 79036 | Zig:4    | Identified the ring of Prescription {rN+ Str-5 Int+2 Dex+6
                  | Stlth+}
 79079 | Zig:5    | Entered Level 5 of a ziggurat
 79191 | Zig:6    | Entered Level 6 of a ziggurat
 79394 | Zig:6    | Learned a level 8 spell: Ignition
 79405 | Zig:6    | Acquired 1243 gold pieces
 79406 | Zig:6    | Acquired 694 gold pieces
 79410 | Zig:7    | Entered Level 7 of a ziggurat
 79416 | Zig:7    | Found the +3 Elemental Staff {ele, rElec rF+ rC+ AC+3}
 79417 | Zig:7    | Noticed a dread lich
 79426 | Zig:7    | Killed a dread lich
 79448 | Zig:7    | Identified the +2 trident of Infection {venom, *Rage Fly
                  | rN+ Int+4}
 79672 | Zig:7    | Identified the +6 hand axe of Iroapum {protect, ^Contam
                  | rElec rC+ Stlth+}
 79673 | Zig:7    | Identified the +11 scimitar of the Smoking Seer {heavy, rF+
                  | rN+}
 79674 | Zig:7    | Identified the +4 chain mail of the Planets {rC- Will++
                  | Dex+2}
 79675 | Zig:7    | Identified the +0 scale mail of the Devil's Advocate {rC-
                  | rCorr Dex+3 Stlth+}
 79687 | Zig:8    | Entered Level 8 of a ziggurat
 79838 | Zig:8    | Identified the +2 morningstar of Erosmugh {freeze, Fly
                  | rPois Int-2 Dex+4}
 79953 | Zig:9    | Entered Level 9 of a ziggurat
 79969 | Zig:9    | Reached XP level 25. HP: 169/175 MP: 9/45
 80100 | Zig:9    | Identified the ring "Dumoush" {rF- Will+ rCorr Dex+3 SInv}
 80102 | Zig:9    | Identified the ring "Toagumit" {Ice rElec Dex+4 Stlth+}
 80109 | Zig:9    | Acquired 1028 gold pieces
 80114 | Zig:10   | Entered Level 10 of a ziggurat
 80302 | Zig:10   | Identified the ring "Dakeur" {Wiz ^Drain Str+4}
 80305 | Zig:10   | Got Sif Muna's Omnibus of the Crypt and Doom
 80323 | Zig:11   | Entered Level 11 of a ziggurat
 80488 | Zig:11   | Identified the +10 falchion of Xyeson {chaos, Str+6 Int-3
                  | Dex+7}
 80492 | Zig:11   | Identified the +4 battleaxe of Foqamp {freeze, rPois rCorr
                  | Stlth+}
 80493 | Zig:11   | Identified the +2 ring mail "Torhaholal" {rF+ Str+3 SInv}
 80499 | Zig:11   | Identified the +2 robe "Imoump" {+Inv rF++ rC- Slay+4}
 80534 | Zig:12   | Entered Level 12 of a ziggurat
 80667 | Zig:12   | Identified the +2 rapier of Cheibriados, Changing {heavy,
                  | rC+}
 80681 | Zig:12   | Identified the +1 scale mail of Relativism {Int+5}
 80694 | Zig:13   | Entered Level 13 of a ziggurat
 80881 | Zot:1    | Entered Level 1 of the Realm of Zot
 80891 | Zot:1    | Identified the ring "Wodghat" {Ice rPois Str+5}
 80891 | Zot:1    | Noticed Josephina
 80907 | Zot:1    | Killed Josephina
 83318 | Zot:2    | Identified the ring "Bad Yju" {rPois rN+ rCorr}
 83546 | Zot:2    | You are sucked into a shaft and drop 1 floor!
 83555 | Zot:3    | Found the +0 pair of gloves of the gadgeteer {Gadgeteer
                  | Wandboost ^Fragile}
 83555 | Zot:3    | Noticed Asesu's ghost (veteran AtFi)
 83555 | Zot:3    | Found a runed translucent gate.
 83571 | Zot:3    | Reached XP level 26. HP: 163/183 MP: 22/45
 83924 | Zot:3    | Reached skill level 16 in Fighting
 84115 | Zot:3    | Found a runed translucent gate.
 84116 | Zot:3    | Found a runed translucent gate.
 84151 | Zot:3    | Killed Asesu's ghost
 84931 | Zot:3    | Reached skill level 17 in Fighting
 84938 | Zot:3    | Noticed an orb of fire
 85292 | Zot:3    | Killed an orb of fire
 85445 | Zot:3    | Reached skill level 18 in Fighting
 86200 | Zot:4    | Noticed a dread lich
 86216 | Zot:4    | Killed a dread lich
 86846 | Zot:4    | Identified the +6 flail "Killer Bee's Regret" {freeze,
                  | *Rage Str+5 Int+4}
 87451 | Zot:4    | Reached skill level 1 in Alchemy
 87479 | Zot:4    | Learned a level 5 spell: Yara's Violent Unravelling
 87809 | Zot:4    | Reached skill level 5 in Alchemy
 88368 | Zot:4    | Reached skill level 19 in Fighting
 88525 | Zot:4    | Reached XP level 27. HP: 199/199 MP: 11/45
 89220 | Zot:5    | Entered Level 5 of the Realm of Zot
 89807 | Zot:5    | Reached skill level 20 in Fighting
 89816 | Zot:5    | Noticed an orb of fire
 89828 | Zot:5    | Noticed an orb of fire
 89832 | Zot:5    | Killed an orb of fire
 89832 | Zot:5    | Noticed an orb of fire
 89840 | Zot:5    | Noticed an orb of fire
 90016 | Zot:5    | Killed an orb of fire
 90024 | Zot:5    | Killed an orb of fire
 90024 | Zot:5    | Noticed an ancient lich
 90035 | Zot:5    | Killed an ancient lich
 90211 | Zot:5    | Killed an orb of fire
 90222 | Zot:5    | Reached skill level 21 in Fighting
 90997 | Zot:5    | Noticed a dread lich
 91001 | Zot:5    | Killed a dread lich
 91662 | Zot:5    | Reached skill level 22 in Fighting
 91868 | Zot:5    | Noticed an orb of fire
 91873 | Zot:5    | Noticed an orb of fire
 91882 | Zot:5    | Got the Orb of Zot
 92420 | D:$      | Escaped with the Orb!

Illustrated notes

Levels and vault maps discovered:
D:1:      dpeg_arrival_another_circle, layout_rooms, glass_columns_a,
          st_stairs_13, minmay_heptomino_o4
D:2:      layout_loops_ring, serial_shops, nicolae_square_shop
D:3:      layout_basic, serial_shops, nicolae_shop_just_a_little_nook,
          nicolae_shop_just_a_little_nook, shop, nicolae_shop_drivethru,
          uniq_crazy_yiuf_cottage, uniq_sigmund, uniq_robin
D:4:      layout_gridville, uniq_duvessa
D:5:      layout_loops_ring, mainiacjoe_overflow_alcove_1,
          grunt_temple_overflow_open, minmay_temple_entry_statues, uniq_menkaure
D:6:      gammafunk_steamed_eel, layout_basic, mainiacjoe_overflow_paths,
          kennysheep_diamond, uniq_edmund, uniq_pikel
D:7:      layout_loops_cross, mainiacjoe_overflow_big_doors, enter_bailey_8
D:8:      layout_basic, mainiacjoe_overflow_cross_hatched,
          erik_lair_orcish_takeover, nicolae_stop_n_shop_1, uniq_grum
D:9:      minmay_skewed_foursquare, layout_basic
D:10:     layout_stronghold, dancing_weapons_uskayaw
D:11:     layout_basic, serial_ice, serial_ice_e, serial_ice_m, serial_ice_j,
          serial_ice_h, kennysheep_small_circle
D:12:     layout_cave_pools, orc_0_dummy, uniq_jorgrun
D:13:     layout_stronghold, hellmonk_vaults_order_and_chaos, serial_shops, shop
D:14:     minmay_octagon_keep, layout_basic, fountainhead, uniq_roxanne
D:15:     grunt_enter_depths_hoard, layout_loops_cross,
          nicolae_ashenzari_skybound, minmay_shop_grid_forest,
          nicolae_hepliaklqana_hazy_memory
Lair:1:   layout_chaotic_city
Lair:2:   layout_hall_layers, guppyfry_snake_entry_island, beast_lair_carwin_1
Lair:3:   layout_regular_city, nicolae_swamp_entry_splash_gauntlet,
          grunt_forest_small_clearings, nicolae_quartered_pool_little,
          minmay_holes, lemuel_fruit_tree, lemuel_fruit_fields,
          serial_bayou_shore_b
Lair:4:   layout_gridlike, slime_entry_1, fungi_pond_lemuel,
          chequers_serial_rivers_room_b, uniq_nessos
Lair:5:   minmay_lair_end_frog_pond, layout_regular_city
Swamp:1:  layout_basic_swamp, evilmike_swamp_ruin_house_5
Swamp:2:  layout_falls_marsh, portal_ice_cave_entry_pillars_four,
          nicolae_swamp_feature_on_the_river_bank
Swamp:3:  layout_basic_swamp, nicolae_swamp_trees_clearing, swamp_pool_1_2
Swamp:4:  swamp_old_school, layout_basic_swamp, swamp_pool_1_2, grunt_hermit_hut
Snake:1:  layout_misc_corridors, serial_shops, nicolae_shop_back_alley_shop
Snake:2:  layout_chambers, basic_altar, uniq_aizul
Snake:3:  layout_chambers, ebering_ghost_inner_flame
Snake:4:  grunt_snake_rune_serpentine_throne, layout_misc_corridors,
          nicolae_shop_clearance, minmay_shop_star
Slime:1:  cheibrodos_slime_lost_civilization_10, layout_caves
Slime:2:  layout_caves
Slime:3:  layout_caves, nicolae_slime_rock_hall_of_fame
Slime:4:  layout_caves
Slime:5:  slime_pit_nicolae_trefoil
Orc:1:    layout_diamond_mine, serial_shops, nicolae_shop_mannequins
Orc:2:    st_orc_mages, layout_diamond_mine, special_room, serial_shops,
          nicolae_shop_hallway_plus, uniq_maurice
Elf:1:    layout_loops_ring, serial_shops, nicolae_shop_scrapyard,
          hangedman_elf_disciples, nicolae_danse_macabre
Elf:2:    nicolae_elf_blades_splatter_lattice [nooodl_blade_entry_preview],
          layout_onion_city, serial_shops, shop
Elf:3:    grunt_elf_hall_spiral, layout_gridlike, serial_shops,
          nicolae_square_shop
Vaults:1: ontoclasm_vaults_gateway, v_misc_31, nicolae_vaults_storage_closets_2,
          grunt_vaults_trifunnel, v_rooms_5, hangedman_vaults_hard_town_square,
          nicolae_vaults_more_shelving_2, hangedman_vaults_locks,
          grunt_vaults_hallway_short, nicolae_vaults_diagonal_hallway_8,
          vaults_room_pool, nicolae_vaults_ring_of_whatevers,
          layout_vaults_big_room
Vaults:2: nicolae_vaults_trapezoid_lopsided_2, vaults_room_ringed_pool,
          nicolae_vaults_little_squares_4, nicolae_vaults_heist, v_misc_11,
          nicolae_vaults_sealed_display, minmay_crypt_entry_necro_gods,
          hangedman_vaults_river_flow, nicolae_vaults_trapezoid_3,
          dpeg_vaults_monster_box, nicolae_vaults_heart-shaped_vault,
          nicolae_vaults_tetromino_L_2, layout_vaults_omnicross, serial_shops,
          freezing_bzr
Vaults:3: gammafunk_ghost_crypt, ontoclasm_vaults_fault, v_misc_17,
          lemuel_angel_altar, nicolae_vaults_hexular_roomagon,
          nicolae_vaults_sesquioval_fish, nicolae_vaults_disjoint_gnomons,
          hangedman_vaults_impose, v_rooms_4, nicolae_vaults_little_squares_1,
          nicolae_vaults_offset_grid_hallway_4, vaults_room_fancy_cross,
          vaults_dpeg_hooks, nicolae_vaults_mitosis, grunt_vaults_hallway_long,
          layout_vaults_omnibox
Vaults:4: v_misc_28, nicolae_vaults_network_star, hangedman_vaults_pinch,
          vaults_dpeg_cross, nicolae_vaults_house_2, v_alt_pattern_4,
          nicolae_vaults_wrenched, nicolae_vaults_heart-shaped_vault,
          layout_vaults_omnigrid
Vaults:5
Crypt:1:  layout_chaotic_city, roderic_lattice_octagonal_star
Crypt:2:  layout_rooms, nicolae_crypt_lurching_hallway
Crypt:3:  quadcrypt_mu
Tomb:1
Depths:1: layout_forbidden_donut, hangedman_abyss_entry_splay,
          reono_crystal_passage, hell_entry, drop_trap, minivault_12,
          grunt_megastairs_4
Depths:2: kennysheep_blocky_hall, layout_cave_pools, rand_demon_pan_entry_4,
          dk_noncrumbling_2, hell_entry, ebering_ghost_gozag,
          xom_confusion_cloud, infiniplex_staircase_diamond
Depths:3: evilmike_makhleb_hellhole, layout_cave_pools, abyss_entry, hell_entry,
          nzn_wu_jian_contemplation, infiniplex_staircase_x
Depths:4: evilmike_zot_entry_argh, layout_cross, enter_ziggurat_d, hell_entry,
          chequers_serial_rivers_micro_d, uniq_boris
Zot:1:    layout_gridlike, uniq_josephina
Zot:2:    cheibrodos_frozen_isle, layout_misc_corridors, lemuel_baited_zot_trap,
          st_large_dragon_hoard_2
Zot:3:    grunt_zot_stairs_mandelzot, layout_misc_corridors,
          ebering_ghost_rock_garden, grunt_megastairs_2
Zot:4:    hangedman_zot_vaults_quadrants, layout_onion_interference,
          grunt_ministairs_1, st_stairs_2
Zot:5:    layout_cellular_growth, grunt_ministairs_15, skrybe_zot_glass_1

Skill      XL: |  1  2  3  4  5  6  7  8  9 10 11 12 13 14 15 16 17 18 19 20 21 22 23 24 25 26 27 |
---------------+----------------------------------------------------------------------------------+-----
Spellcasting   | 2 3 4 5 7 8 11 13 14 15 16 17 18 | 18.5
Summonings     | 1 3 5 6 7 10 14 15 17 18 19 | 19.0
Translocations | 3 6 7 |  7.0
Conjurations   | 1 2 |  2.0
Ice Magic      | 3 5 |  5.0
Fighting       | 3 4 7 10 12 13 15 19 22 | 22.1
Hexes          | 2 7 |  7.0
Evocations     | 4 6 9 |  9.0
Invocations    | 5 9 |  9.0
Dodging        | 3 6 8 9 |  9.1
Shields        | 4 7 10 12 15 | 15.0
Necromancy     | 6 11 13 14 | 14.0
Armour         | 4 8 9 |  9.0
Fire Magic     | 11 16 18 19 | 19.0
Alchemy        | 7 |  7.0
Throwing       | |  1.5
Unarmed Combat | |  2.4

Action                     |  1- 3 |  4- 6 |  7- 9 | 10-12 | 13-15 | 16-18 | 19-21 | 22-24 | 25-27 || total
---------------------------+-------+-------+-------+-------+-------+-------+-------+-------+-------++-------
  Melee: Unarmed           |   145 |   191 |   362 |   370 |   541 |    65 |     6 |       |       ||  1680
         Punch             |     5 |     2 |     9 |    14 |    12 |       |       |       |       ||    42
         Staff             |       |       |       |       |       |       |     5 |       |       ||     5
  Throw: Throwing net      |     2 |     1 |     1 |       |       |       |       |       |       ||     4
   Cast: Summon Small Mamm |       |    29 |    32 |       |     2 |       |       |       |       ||    63
         Call Imp          |       |    22 |    40 |    10 |     8 |       |       |       |       ||    80
         Magic Dart        |       |     4 |     2 |       |       |     1 |       |       |       ||     7
         Blink             |       |     2 |     1 |       |     1 |     2 |       |     4 |     2 ||    12
         Summon Ice Beast  |       |       |    23 |    37 |    75 |    45 |       |       |       ||   180
         Summon Forest     |       |       |     3 |    37 |    86 |   113 |    80 |    47 |    39 ||   405
         Summon Mana Viper |       |       |       |    20 |    63 |    43 |     4 |     5 |    14 ||   149
         Frozen Ramparts   |       |       |       |    19 |    50 |    36 |     4 |     5 |       ||   114
         Ozocubu's Armour  |       |       |       |     8 |    20 |    31 |    17 |     9 |     9 ||    94
         Metabolic Englaci |       |       |       |       |     2 |     9 |       |     3 |     1 ||    15
         Cause Fear        |       |       |       |       |     1 |     9 |       |       |       ||    10
         Anguish           |       |       |       |       |       |    13 |       |       |       ||    13
         Summon Hydra      |       |       |       |       |       |    51 |    49 |    16 |     8 ||   124
         Death Channel     |       |       |       |       |       |     7 |    37 |    44 |    40 ||   128
         Dispel Undead     |       |       |       |       |       |     3 |   155 |    12 |     9 ||   179
         Haunt             |       |       |       |       |       |       |    39 |   121 |   112 ||   272
         Summon Cactus Gia |       |       |       |       |       |       |       |     7 |       ||     7
         Summon Horrible T |       |       |       |       |       |       |       |    57 |    57 ||   114
         Ignition          |       |       |       |       |       |       |       |     4 |    12 ||    16
         Yara's Violent Un |       |       |       |       |       |       |       |       |     2 ||     2
 Invoke: Recall Ancestor   |       |       |     1 |     5 |     8 |     9 |     8 |     7 |    15 ||    53
         Ancestor Life: Kn |       |       |     1 |       |       |       |       |       |       ||     1
         Transference      |       |       |       |     1 |     4 |    10 |     3 |     6 |     4 ||    28
         Idealise          |       |       |       |     1 |     9 |    17 |     7 |     9 |    12 ||    55
  Evoke: Wand              |       |       |       |    11 |    21 |    13 |    10 |    15 |    29 ||    99
         Sack of spiders   |       |       |       |       |       |       |       |     1 |     4 ||     5
         Gell's gravitambo |       |       |       |       |       |       |       |     1 |     4 ||     5
         Phantom mirror    |       |       |       |       |       |       |       |     1 |     2 ||     3
         Tin of tremorston |       |       |       |       |       |       |       |       |     2 ||     2
    Use: Scroll            |     7 |     4 |     5 |     6 |     7 |     9 |    13 |    18 |    16 ||    85
   Stab: Held in net/web   |     2 |       |       |       |       |       |       |       |       ||     2
         Sleeping          |       |     1 |       |       |       |       |       |       |       ||     1
         Distracted        |       |     1 |     2 |     8 |     4 |     6 |       |       |       ||    21
         Paralysed         |       |       |       |       |     7 |     6 |       |       |       ||    13
 Armour: Chain mail        |    92 |    41 |       |       |       |       |       |       |       ||   133
         Leather armour    |       |    55 |       |       |       |       |       |       |       ||    55
         Animal skin       |       |    88 |   351 |   223 |   367 |       |       |       |       ||  1029
         Ring mail         |       |       |       |       |    24 |   197 |   166 |   180 |   324 ||   891
  Dodge: Dodged            |    43 |   123 |   301 |   356 |   612 |   307 |   252 |   253 |   296 ||  2543
  Block: Buckler           |       |       |       |       |    55 |    36 |       |       |       ||    91
         Reflection        |       |       |       |       |     4 |     3 |       |       |       ||     7
         Kite shield       |       |       |       |       |       |   148 |   415 |   219 |   266 ||  1048

Table legend: (Time is in decaauts)
 A = Elapsed time spent in this place.
 B = Non-inter-level travel time spent in this place.
 C = Inter-level travel time spent in this place.
 D = Time resting spent in this place.
 E = Time spent auto-exploring this place.
 F = Levels seen in this place.
 G = Mean time per level.
                   A        B        C        D        E       F      G
               +--------+--------+--------+--------+--------+-----+--------+
         Total |  92795 |  84834 |   7961 |  15007 |  49706 |  72 | 1288.8 |
       Dungeon |  23004 |  19667 |   3337 |   2591 |  12628 |  15 | 1533.6 |
          Lair |   9138 |   8232 |    906 |   1632 |   5223 |   5 | 1827.6 |
         Swamp |   4715 |   4567 |    148 |    835 |   2831 |   4 | 1178.8 |
     Snake Pit |   6652 |   6118 |    534 |    799 |   4045 |   4 | 1663.0 |
    Slime Pits |   3473 |   3205 |    268 |      0 |   2364 |   5 |  694.6 |
  Orcish Mines |   2749 |   2391 |    358 |    430 |   1254 |   2 | 1374.5 |
   Elven Halls |   7580 |   7017 |    563 |   1581 |   3682 |   3 | 2526.7 |
        Vaults |   9481 |   8717 |    764 |    812 |   5242 |   5 | 1896.2 |
         Crypt |   5272 |   5135 |    137 |    495 |   3494 |   3 | 1757.3 |
          Tomb |      1 |      1 |      0 |      0 |      0 |   1 |    1.0 |
        Depths |   6417 |   5923 |    494 |   1362 |   3189 |   4 | 1604.2 |
           Zot |  11146 |  10698 |    448 |   3522 |   4555 |   5 | 2229.2 |
      Ziggurat |   2134 |   2134 |      0 |    602 |    924 |  13 |  164.2 |
        Bazaar |    181 |    181 |      0 |      0 |    115 |   1 |  181.0 |
        Bailey |    741 |    741 |      0 |    300 |    159 |   1 |  741.0 |
      Ice Cave |    103 |    103 |      0 |     45 |      0 |   1 |  103.0 |
               +--------+--------+--------+--------+--------+-----+--------+

Top non-repeatable levels by time:
   Zot:3: 3252 daAuts
 Crypt:3: 2920 daAuts
   Elf:2: 2903 daAuts
   Elf:3: 2677 daAuts
   Zot:5: 2417 daAuts
   Zot:4: 2412 daAuts
  Lair:4: 2282 daAuts
Vaults:1: 2224 daAuts
     D:4: 2112 daAuts
Vaults:5: 2040 daAuts
   Zot:2: 2022 daAuts
Depths:2: 2013 daAuts
   Elf:1: 2000 daAuts
Vaults:2: 1966 daAuts
Depths:3: 1868 daAuts
